 Dungeon Crawl Stone Soup version 0.25.1-2-g60ff931df9 (webtiles) character file.

Game seed: 2374042296689552087

64663 Erymatos the Warrior (level 14, -1/138 HPs)
             Began as a Minotaur Berserker on Nov 12, 2020.
             Was a High Priest of Trog.
             Splashed by a brown ugly thing's acid (7 damage)
             ... on level 15 of the Dungeon.
             The game lasted 00:59:57 (21095 turns).

Erymatos the Warrior (Minotaur Berserker)          Turns: 21095, Time: 00:59:57

Health: -1/138     AC: 22    Str: 31    XL:     14   Next: 72%
Magic:  13/13      EV: 19    Int:  4    God:    Trog [*****.]
Gold:   1026       SH:  0    Dex: 21    Spells: 13/13 levels left

rFire    . . .     SeeInvis .   X - +2 double sword of Benicuaw {vorpal, +Blink rPois} (curse)
rCold    . . .     Gourm    .   (no shield)
rNeg     . . .     Faith    .   h - +1 chain mail {rPois}
rPois    +         Spirit   .   v - +2 hat
rElec    .         Reflect  .   (no cloak)
rCorr    .         Harm     .   K - +1 pair of gloves {Dex+3}
MR       +....                  F - +1 pair of boots
Stlth    ..........             (no amulet)
HPRegen  0.33/turn              u - +6 ring of strength
MPRegen  0.13/turn              Z - +6 ring of dexterity

@: berserk cooldown, slowed, very slow
A: retaliatory headbutt, horns 2
a: Berserk, Trog's Hand, Brothers in Arms, Renounce Religion, Evoke Blink


You were on level 15 of the Dungeon.
You worshipped Trog.
Trog was extremely pleased with you.
You were not hungry.

You visited 1 branch of the dungeon, and saw 15 of its levels.
You also visited: Ice Cave.

You collected 1282 gold pieces.
You spent 256 gold pieces at shops.

Inventory:

Hand Weapons
 b - a +0 hand axe of flaming
 f - a +3 battleaxe
 m - a +3 broad axe
 X - the cursed +2 double sword of Benicuaw (weapon) {vorpal, +Blink rPois}
   (You found it on level 11 of the Dungeon)

   It inflicts extra damage upon your enemies.
   It protects you from poison.
   It lets you blink.
   It has a curse placed upon it.
Armour
 h - a +1 chain mail of poison resistance (worn)
 j - a +1 ring mail of fire resistance
 v - a +2 hat (worn)
 F - a +1 pair of boots (worn)
 K - a +1 pair of gloves of dexterity (worn)
 N - a +0 kite shield
Jewellery
 a - an uncursed ring of protection from magic
 k - an uncursed ring of resist corrosion
 q - an uncursed ring of poison resistance
 u - a +6 ring of strength (left hand)
 M - an uncursed ring of positive energy
 T - the ring "Teonopn" {Wiz +Blink rF- SInv}
   (You found it on level 9 of the Dungeon)

   [ring of wizardry]

   It improves your spell success rate.
   It makes you vulnerable to fire.
   It lets you see invisible.
   It lets you blink.
 Z - a +6 ring of dexterity (right hand)
Wands
 x - a wand of iceblast (11)
 y - a wand of clouds (11)
 z - a wand of digging (5)
 C - a wand of enslavement (8)
Scrolls
 e - 3 scrolls of enchant weapon
 l - 2 scrolls of fog
 n - 6 scrolls of teleportation
 t - 5 scrolls of immolation
 A - 6 scrolls of fear
 B - a scroll of silence
 D - 3 scrolls of vulnerability
 G - a scroll of magic mapping {unknown}
 J - a scroll of enchant armour {unknown}
 O - a scroll of holy word {unknown}
 R - 3 scrolls of blinking {unknown}
 V - a scroll of brand weapon {unknown}
 Y - a scroll of random uselessness {unknown}
Potions
 d - 3 potions of resistance
 g - a potion of invisibility
 i - 4 potions of curing
 o - 2 potions of might
 p - a potion of mutation
 r - 4 potions of haste
 s - 6 potions of flight {unknown}
 w - 3 potions of heal wounds
 E - a potion of lignification {unknown}
 I - a potion of cancellation
 L - 4 potions of brilliance {unknown}
 Q - a potion of berserk rage {unknown}
 W - a potion of ambrosia {unknown}
Comestibles
 c - 14 rations
 H - 5 chunks of flesh


   Skills:
 + Level 16.9 Fighting
 - Level 1.0 Long Blades
 + Level 15.6 Axes
 + Level 15.8 Armour
 + Level 11.8 Dodging


You had 13 spell levels left.
You didn't know any spells.
Your spell library was empty.

Dungeon Overview and Level Annotations

Branches:
Dungeon (15/15)            Temple (0/1) D:4            Lair (0/6) D:8
    Orc (0/2) D:12         Vaults (0/5) D:14         Depths (0/5) D:15
  IceCv (visited)

Altars:
Elyvilon
Fedhas
Hepliaklqana
Qazlal
Ru
Trog
Uskayaw
Vehumet
Wu Jian
Xom
Yredelemnul
Zin
The Shining One

Shops:
D:6 %   D:14 !

Annotations:
D:12 2 runed translucent doors


Innate Abilities, Weirdness & Mutations

You reflexively headbutt those who attack you in melee.
You have a pair of horns on your head.


Message History

You are splashed with acid!
* * * LOW HITPOINT WARNING * * *
You hit the brown ugly thing.
The brown ugly thing is severely wounded.
The brown ugly thing pecks you.
* * * LOW HITPOINT WARNING * * *
You are splashed with acid!
* * * LOW HITPOINT WARNING * * *
The brown ugly thing barely misses you. You furiously retaliate!
You headbutt the brown ugly thing! You slash the brown ugly thing!
The brown ugly thing is almost dead.
The brown ugly thing pecks you.
* * * LOW HITPOINT WARNING * * *
You are splashed with acid!
* * * LOW HITPOINT WARNING * * *
The brown ugly thing pecks you.
* * * LOW HITPOINT WARNING * * *
You are splashed with acid!
You die...

################ ###
...............# ..#
...............# ..#
...............# ..#
..........)....# ..#
#######)))##...##'##
......#.))#.....@u.#
....).'...#.....††.'....
......#...#........#....
#####'#...########## ...
##.##.......# .
##...##......#
#.....#......#
#.....#.#....#####
####...#####.......#


You could see a brown ugly thing.

Vanquished Creatures
  Kirke (D:14)
  A stone giant (D:11)
  Snorg (D:14)
  A hydra (D:13)
  12 two-headed ogres
  2 centaur warriors
  2 ogre magi
  2 death knights
  A tengu warrior (D:13)
  Nergalle (D:10)
  5 unseen horrors
  Pikel (D:6)
  A necromancer (IceCv)
  2 wolf spider zombies
  4 orc knights
  11 cyclopes (D:11)
  An orc sorcerer (D:15)
  A deep elf mage (D:14)
  8 ugly things
  A manticore (D:12)
  Maurice (D:9)
  A centaur zombie (D:14)
  An ice statue (IceCv)
  A black mamba (shapeshifter) (D:15)
  3 gargoyles (D:14)
  A rime drake (shapeshifter) (D:12)
  An efreet (D:14)
  7 freezing wraiths (IceCv)
  A komodo dragon (shapeshifter) (D:15)
  A redback zombie (D:14)
  A tengu conjurer (D:13)
  7 trolls
  2 hornets
  Prince Ribbit (D:7)
  4 hippogriffs
  6 slime creatures
  2 shadows
  Sigmund (D:5)
  2 wraiths
  17 yaks
  3 wyverns
  3 hogs (D:14)
  2 water elementals (D:14)
  A basilisk (shapeshifter) (D:15)
  A hog (shapeshifter) (D:15)
  A basilisk (D:8)
  3 hungry ghosts
  11 vampire mosquitoes (D:13)
  Menkaure (D:4)
  7 wargs
  2 water moccasins
  A floating eye (shapeshifter) (D:15)
  3 sky beasts
  14 orc warriors
  6 ice beasts
  4 black bears
  An eye of draining (D:9)
  A necrophage (D:6)
  A slave (D:6)
  A tengu (shapeshifter) (D:15)
  4 phantoms
  9 centaurs
  An ogre (shapeshifter) (D:15)
  19 ogres
  4 boggarts (D:15)
  2 wolves (D:11)
  A crocodile (D:14)
  3 big kobolds
  9 bullfrogs
  2 wyvern skeletons (D:14)
  7 scorpions
  A water moccasin skeleton (D:8)
  20 wights
  An elephant simulacrum (IceCv)
  4 killer bees (D:13)
  6 howler monkeys
  5 crimson imps
  9 draconian simulacra (IceCv)
  13 jellies
  A wyvern simulacrum (D:14)
  8 orc priests
  5 bullfrog skeletons
  12 hounds
  10 orc wizards
  3 centaur skeletons
  A gnoll shaman (D:6)
  Jessica (D:2)
  2 iguanas
  6 worker ants
  A spriggan simulacrum (IceCv)
  2 troll simulacra (IceCv)
  2 centaur simulacra (IceCv)
  6 gnolls
  10 adders
  A howler monkey skeleton (D:6)
  3 naga simulacra (IceCv)
  3 ogre simulacra (IceCv)
  A shadow imp (D:13)
  21 white imps
  17 oozes
  An adder zombie (D:5)
  An adder skeleton (D:9)
  2 worms (D:2)
  A dart slug (D:1)
  5 leopard geckos
  49 orcs
  3 ball pythons
  4 giant cockroaches
  6 goblins
  8 hobgoblins
  13 jackals
  10 quokkas
  7 bats
  4 frilled lizards
  A jackal zombie (D:7)
  22 kobolds
  A leopard gecko skeleton (D:4)
  A quokka skeleton (D:5)
  2 rats
  A fungus (D:9)
565 creatures vanquished.

Vanquished Creatures (collateral kills)
  An ironheart preserver (D:14)
  Nessos (D:14)
  A hydra (D:11)
  An unseen horror (D:11)
  2 cyclopes (D:11)
  An elephant (D:8)
  3 freezing wraiths (IceCv)
  2 hippogriffs
  3 yaks (D:9)
  A basilisk (D:8)
  A death yak simulacrum (IceCv)
  A warg (D:11)
  A black bear (D:9)
  4 ice beasts (IceCv)
  An orc warrior (D:11)
  An alligator simulacrum (IceCv)
  An ogre (D:8)
  A scorpion (D:9)
  A bullfrog skeleton (D:9)
  A polar bear simulacrum (IceCv)
  A shadow imp (D:8)
  3 white imps (IceCv)
  2 orcs (D:11)
35 creatures vanquished.

Vanquished Creatures (others)
  A human (D:14)
  A boggart (D:15)
  An orc wizard (D:14)
  A fungus (D:9)
4 creatures vanquished.

Grand Total: 604 creatures vanquished

Notes
Turn   | Place    | Note
-------+----------+-------------------------------------------
     0 | D:1      | Erymatos the Minotaur Berserker began the quest for the
                  | Orb.
     0 | D:1      | Reached XP level 1. HP: 19/19 MP: 0/0
   174 | D:1      | Reached skill level 4 in Fighting
   174 | D:1      | Reached XP level 2. HP: 27/27 MP: 1/1
   581 | D:1      | Reached XP level 3. HP: 30/34 MP: 2/2
   705 | D:1      | Reached ** piety under Trog
  1059 | D:2      | Noticed Jessica
  1066 | D:2      | Killed Jessica
  1066 | D:2      | Reached XP level 4. HP: 41/41 MP: 3/3
  1542 | D:2      | Reached skill level 5 in Fighting
  1542 | D:2      | Reached skill level 5 in Axes
  1728 | D:2      | Found a glowing golden altar of the Shining One.
  1984 | D:3      | Reached XP level 5. HP: 48/48 MP: 4/4
  2893 | D:4      | Reached XP level 6. HP: 44/56 MP: 5/5
  2957 | D:4      | Found a basalt altar of Yredelemnul.
  2966 | D:4      | Found a glowing golden altar of the Shining One.
  3056 | D:4      | Noticed Menkaure
  3063 | D:4      | Killed Menkaure
  3063 | D:4      | Reached skill level 5 in Armour
  3063 | D:4      | Reached XP level 7. HP: 62/62 MP: 6/6
  3306 | D:4      | Found a staircase to the Ecumenical Temple.
  3379 | D:4      | Noticed an angel
  3426 | D:5      | Entered Level 5 of the Dungeon
  3435 | D:5      | Reached *** piety under Trog
  3810 | D:5      | Reached skill level 6 in Fighting
  3972 | D:5      | Reached XP level 8. HP: 60/70 MP: 7/7
  4091 | D:5      | Noticed Sigmund
  4103 | D:5      | Killed Sigmund
  4604 | D:6      | Found Zosa's Food Shoppe.
  4679 | D:6      | Reached skill level 7 in Fighting
  4684 | D:6      | Noticed Pikel
  4693 | D:6      | Killed Pikel
  4693 | D:6      | Reached skill level 10 in Axes
  4693 | D:6      | Reached XP level 9. HP: 77/77 MP: 8/8
  4697 | D:6      | Reached **** piety under Trog
  4882 | D:6      | Found an ornate altar of the Wu Jian Council.
  4888 | D:6      | Found a bloodstained altar of Trog.
  4888 | D:6      | Found a radiant altar of Vehumet.
  4889 | D:6      | Found a hazy altar of Hepliaklqana.
  4890 | D:6      | Found a white marble altar of Elyvilon.
  4891 | D:6      | Found a blossoming altar of Fedhas.
  4923 | D:6      | Found a glowing silver altar of Zin.
  4924 | D:6      | Found a stormy altar of Qazlal.
  5433 | D:7      | Noticed Prince Ribbit
  5440 | D:7      | Killed Prince Ribbit
  5440 | D:7      | Reached skill level 8 in Fighting
  5694 | D:7      | Reached XP level 10. HP: 82/87 MP: 9/9
  5749 | D:7      | Reached skill level 5 in Dodging
  6187 | D:8      | Noticed an elephant
  6198 | D:8      | Killed an elephant
  6241 | D:8      | Found a staircase to the Lair.
  6275 | D:8      | Reached skill level 9 in Fighting
  6427 | D:8      | Found a hide-covered altar of Uskayaw.
  6925 | D:8      | Found a glowing silver altar of Zin.
  6927 | D:8      | Found a hide-covered altar of Uskayaw.
  6927 | D:8      | Found a shimmering altar of Xom.
  6929 | D:8      | Found a glowing silver altar of Zin.
  6929 | D:8      | Found a stormy altar of Qazlal.
  6929 | D:8      | Found a white marble altar of Elyvilon.
  7212 | D:9      | Reached ***** piety under Trog
  7391 | D:9      | Reached skill level 10 in Armour
  7495 | D:9      | Reached XP level 11. HP: 73/97 MP: 10/10
  7662 | D:9      | Received a gift from Trog
  7679 | D:9      | Got an ancient marble ring
  7693 | D:9      | Found a sacrificial altar of Ru.
  7763 | D:9      | Noticed Maurice
  7775 | D:9      | Killed Maurice
  7775 | D:9      | Reached skill level 10 in Fighting
  8157 | D:9      | Identified the ring "Teonopn" {Wiz +Blink rF- SInv} (You
                  | found it on level 9 of the Dungeon)
  8171 | D:10     | Entered Level 10 of the Dungeon
  8247 | D:10     | Noticed a two-headed ogre
  8256 | D:10     | Killed a two-headed ogre
  8719 | D:10     | Noticed Nergalle
  8737 | D:10     | Killed Nergalle
  9613 | D:11     | HP: 4/99 [something (9)]
  9616 | D:11     | HP: 1/99 [something (1)]
  9970 | D:11     | Noticed an eight-headed hydra
  9970 | D:11     | Noticed an unseen horror
  9979 | D:11     | Killed a six-headed hydra
  9987 | D:11     | Killed an unseen horror
 10116 | D:11     | Noticed a white ugly thing
 10131 | D:11     | Killed a white ugly thing
 10131 | D:11     | Reached skill level 11 in Fighting
 10612 | D:11     | Reached XP level 12. HP: 92/110 MP: 11/11
 11029 | D:11     | Noticed an ogre mage
 11037 | D:11     | Killed an ogre mage
 11037 | D:11     | Reached skill level 12 in Fighting
 11037 | D:11     | Reached skill level 15 in Axes
 11535 | D:11     | Noticed a stone giant
 11536 | D:11     | Received a gift from Trog
 11554 | D:11     | HP: 3/169 [stone giant (15)]
 11559 | D:11     | Killed a stone giant
 11970 | D:11     | Got a faintly glowing war axe
 11971 | D:11     | Identified the cursed +1 war axe of Fimbulwinter {vamp,
                  | +Rage} (You found it on level 11 of the Dungeon)
 11977 | D:11     | Got a fine double sword
 11984 | D:11     | Identified the cursed +2 double sword of Benicuaw {vorpal,
                  | +Blink rPois} (You found it on level 11 of the Dungeon)
 12521 | D:12     | Reached skill level 1 in Long Blades
 12648 | D:12     | Found a large runed translucent door.
 12648 | D:12     | Found a large runed translucent door.
 12652 | D:12     | Noticed a two-headed ogre
 12655 | D:12     | Killed a two-headed ogre
 12655 | D:12     | Noticed a two-headed ogre
 12660 | D:12     | Killed a two-headed ogre
 12671 | D:12     | Reached skill level 13 in Fighting
 12678 | D:12     | Found the +3 sling "Punk" {acid, rCorr}
 12738 | D:12     | Found a large runed translucent door.
 12738 | D:12     | Found a large runed translucent door.
 12792 | D:12     | Found a staircase to the Orcish Mines.
 12971 | D:12     | Reached XP level 13. HP: 103/122 MP: 12/12
 13929 | D:13     | Reached skill level 14 in Fighting
 14243 | D:13     | Found a frozen archway.
 14259 | D:13     | Received a gift from Trog
 14267 | IceCv    | Entered an ice cave
 15654 | IceCv    | Found an ancient bone altar of Kikubaaqudgha.
 15971 | IceCv    | Reached skill level 10 in Dodging
 16925 | D:13     | Reached skill level 15 in Fighting
 18048 | D:14     | Reached XP level 14. HP: 135/135 MP: 13/13
 18060 | D:14     | Noticed an ironheart preserver
 18069 | D:14     | Killed an ironheart preserver
 18120 | D:14     | Found a gate to the Vaults.
 18384 | D:14     | Noticed Nessos
 18394 | D:14     | Killed Nessos
 19193 | D:14     | Noticed Snorg
 19200 | D:14     | Killed Snorg
 19353 | D:14     | Noticed Kirke
 19361 | D:14     | Killed Kirke
 19361 | D:14     | Reached skill level 16 in Fighting
 19451 | D:14     | Found Wujocae's Distillery.
 19459 | D:14     | Bought a potion of cancellation for 128 gold pieces
 19459 | D:14     | Bought a potion of curing for 48 gold pieces
 19459 | D:14     | Bought a potion of heal wounds for 80 gold pieces
 19994 | D:15     | Entered Level 15 of the Dungeon
 20060 | D:15     | Reached skill level 15 in Armour
 20204 | D:15     | Paralysed by an orc sorcerer for 3 turns
 20807 | D:15     | Paralysed by a floating eye for 2 turns
 20981 | D:15     | Found a staircase to the Depths.
 21095 | D:15     | HP: 6/138 [brown ugly thing (6)]
 21095 | D:15     | Splashed by a brown ugly thing's acid

Illustrated notes

Levels and vault maps discovered:
D:1:      shiori_arrival_maze, layout_basic, nrook_mini_vaults
D:2:      minmay_skewed_foursquare, layout_basic, nicolae_tso_carved_into_rock,
          uniq_jessica
D:3:      layout_loops_ring, supply_closet_lemuel, kennysheep_generic_room_9
D:4:      layout_rooms, grunt_temple_overflow_holy_war, temple_green,
          first_ration, uniq_menkaure
D:5:      layout_basic, uniq_sigmund
D:6:      layout_basic, minitemple, serial_shops, shop_fountains, uniq_pikel
D:7:      layout_cave_pools, chequers_serial_rivers_small_a, grunt_ogre_cave,
          st_stairs_8, uniq_prince_ribbit1
D:8:      layout_basic, eat_drink_and_be_merry_uskayaw, doesnt_xom_only_xom,
          david_lair_generic
D:9:      lemuel_slime, layout_small_grid, nicolae_ru_path_of_blood,
          uniq_maurice
D:10:     layout_roguey, uniq_nergalle
D:11:     giant_chief_lemuel, layout_basic
D:12:     layout_loops_ring, david_orc_2, minmay_hollow_rounded_squares
D:13:     layout_small_grid, gauntlet_entry_generic, portal_ice_cave_entry_imps,
          wad_floor_pattern_2
D:14:     layout_basic, skrybe_vaults_entry_preservation,
          chequers_serial_rivers_micro_a, serial_shops,
          nicolae_shop_temple_entry_statues_fountains, lightli_minifort,
          uniq_nessos, uniq_snorg, uniq_kirke
D:15:     gammafunk_enter_depths_forms, layout_grid_maze,
          nicolae_gozag_seed_capital

Skill      XL: |  1  2  3  4  5  6  7  8  9 10 11 12 13 14 |
---------------+-------------------------------------------+-----
Fighting       | 4 5 6 7 8 9 11 13 15 16 | 16.9
Axes           | 4 5 6 8 10 12 13 14 15 | 15.6
Armour         | 3 4 5 6 7 8 10 11 13 14 15 | 15.8
Dodging        | 3 4 6 7 8 10 11 | 11.8
Long Blades    | 1 |  1.0

Action                   |  1- 3 |  4- 6 |  7- 9 | 10-12 | 13-15 || total
-------------------------+-------+-------+-------+-------+-------++-------
Melee: Hand axe          |    53 |   112 |   211 |   496 |       ||   872
       Headbutt          |    12 |    20 |    50 |   170 |   199 ||   451
       Double sword      |       |       |       |    53 |   469 ||   522
Invok: Berserk           |     1 |     3 |     4 |    16 |    15 ||    39
       Trog's Hand       |       |       |     1 |     3 |     2 ||     6
       Brothers in Arms  |       |       |       |     5 |     9 ||    14
  Use: Scroll            |       |       |     7 |     5 |     5 ||    17
       Potion            |       |       |       |     3 |     2 ||     5
  Eat: Chunk             |       |     9 |    13 |    25 |    11 ||    58
       Ration            |       |       |       |     5 |    11 ||    16
Armor: Animal skin       |     4 |       |       |       |       ||     4
       Scale mail        |    10 |    36 |    71 |   251 |    96 ||   464
       Ring mail         |       |       |       |       |    32 ||    32
       Robe              |       |       |       |       |    25 ||    25
       Chain mail        |       |       |       |       |   135 ||   135
Dodge: Dodged            |    39 |    62 |   111 |   281 |   603 ||  1096
       Rpst.: Double sword |       |       |       |    12 |   128 ||   140
